 Dungeon Crawl Stone Soup version 0.29.1-15-g9cfb28693d (webtiles) character file.

Game seed: 4466294198113955416

131079 kevinolsonyan the Severer (level 17, -12/154 HPs)
             Began as a Hill Orc Fighter on Apr 16, 2023.
             Was the Champion of Okawaru.
             Mangled by an acid blob (16 damage)
             ... on level 5 of the Pits of Slime.
             The game lasted 01:17:40 (27703 turns).

kevinolsonyan the Severer (Hill Orc Fighter)       Turns: 27703, Time: 01:17:41

Health: -12/154    AC: 45    Str: 29    XL:     17   Next: 9%
Magic:  18/18      EV: 17    Int:  8    God:    Okawaru [******]
Gold:   1427       SH: 21    Dex: 14    Spells: 16/16 levels left

rFire   + + .      SeeInvis .   Q - +5 broad axe "Ubuuluh" {flame, Str+2}
rCold   + . .      Faith    .   w - +2 kite shield of Halof {+Inv}
rNeg    . . .      Spirit   .   a - +14 crystal plate armour of Suajekk {Contam Rampage rF+ Stlth+}
rPois   +          Reflect  +   G - +1 helmet of the Hart {Slay+2}
rElec   +          Harm     .   u - +1 cloak
rCorr   +          Rampage  +   (no gloves)
Will    +....                   E - +2 pair of boots {Stlth+}
Stlth   ..........              k - amulet of reflection
HPRegen 0.35/turn               g - +4 ring of evasion
MPRegen 0.16/turn               b - ring "Xeribbir" {EV+4 Str+4}

@: resistant, engulfed (cannot breathe), unable to read
A: inability to read after injury 1, MP-powered wands, noise suppression
a: Renounce Religion, Evoke Invisibility, Heroism, Finesse, Duel


You were on level 5 of the Pits of Slime.
You worshipped Okawaru.
Okawaru was exalted by your worship.
You visited 4 branches of the dungeon, and saw 26 of its levels.
You also visited: Ossuary.

You collected 1654 gold pieces.
You spent 227 gold pieces at shops.

Inventory:

Hand Weapons
 i - a +1 scimitar of flaming
 s - the +11 hand axe of the Boiling Point {holy, Int+3}
   (You found it on level 4 of the Dungeon)

   It has been blessed by the Shining One to cause great damage to the undead
   and demons.
   Int:       It affects your intelligence (+3).
 y - the +7 lajatang of Doom {vorpal, *Noise rF++ rN+++ MP+9}
   (Okawaru gifted it to you on level 15 of the Dungeon)

   It inflicts extra damage upon your enemies.
   rF:        It greatly protects you from fire.
   rN:        It renders you almost immune to negative energy.
   MP:        It affects your magic capacity (+9).
   *Noise:    It may make noises in combat.
 Q - the +5 broad axe "Ubuuluh" (weapon) {flame, Str+2}
   (Okawaru gifted it to you on level 3 of the Lair of Beasts)

   It burns those it strikes, dealing additional fire damage.
   Big, fiery blades are also staple armaments of hydra-hunters.
   Str:       It affects your strength (+2).
Armour
 a - the +14 crystal plate armour of Suajekk (worn) {Contam Rampage rF+ Stlth+}
   (Okawaru gifted it to you on level 15 of the Dungeon)

   rF:        It protects you from fire.
   Contam:    It causes magical contamination when unequipped.
   Rampage:   It bestows one free step when moving towards enemies.
   Stlth:     It makes you more stealthy.
 l - a +3 leather armour of poison resistance
 u - a +1 cloak (worn)
 w - the +2 kite shield of Halof (worn) {+Inv}
   (Okawaru gifted it to you on level 14 of the Dungeon)

   +Inv:      It lets you turn invisible.
 x - the +13 crystal plate armour "Yqosa" {Dex+4}
   (Okawaru gifted it to you on level 3 of the Lair of Beasts)

   Dex:       It affects your dexterity (+4).
 E - a +2 pair of boots of stealth (worn)
 G - the +1 helmet of the Hart (worn) {Slay+2}
   (Okawaru gifted it to you on level 5 of the Lair of Beasts)

   Slay:      It affects your accuracy & damage with ranged weapons and melee
   (+2).
Jewellery
 b - the ring "Xeribbir" (right hand) {EV+4 Str+4}
   (You bought it in a shop on level 11 of the Dungeon)

   [ring of evasion]

   EV:        It affects your evasion (+4).
   Str:       It affects your strength (+4).
 g - a +4 ring of evasion (left hand)
 k - an amulet of reflection (around neck)
 n - a ring of positive energy
 q - an amulet of magic regeneration
 B - a +6 ring of intelligence
 P - a ring of resist corrosion
Wands
 h - a wand of iceblast (11) (quivered)
 v - a wand of flame (33)
 D - a wand of mindburst (40)
 M - a wand of polymorph (12)
Scrolls
 d - a scroll of brand weapon {unknown}
 e - 5 scrolls of identify
 f - a scroll of fog
 o - 2 scrolls of magic mapping
 t - a scroll of amnesia
 F - a scroll of fear
 H - 6 scrolls of teleportation
Potions
 c - 4 potions of brilliance
 j - 2 potions of cancellation
 m - 3 potions of attraction
 p - 12 potions of curing
 z - 2 potions of magic
 A - a potion of ambrosia
 C - 6 potions of haste
 J - 3 potions of flight
 L - a potion of mutation
 N - a potion of lignification
 O - a potion of might


   Skills:
 + Level 14.4 Fighting
 + Level 2.2 Long Blades
 + Level 19.0 Axes
 * Level 13.5 Armour
 + Level 10.7 Dodging
 + Level 2.7 Stealth
 + Level 18.0 Shields
 + Level 1.7 Invocations
 + Level 1.1 Evocations


You had 16 spell levels left.
You didn't know any spells.
Your spell library contained the following spells:

 Spells                   Type           Power      Damage    Failure   Level
 Foxfire                  Conj/Fire      0%         2x1d4     100%        1
 Sandblast                Erth           0%         2d4       100%        1
 Shock                    Conj/Air       0%         1d3       100%        1
 Blink                    Tloc           0%         N/A       100%        2
 Passwall                 Tmut/Erth      0%         N/A       100%        2
 Conjure Flame            Conj/Fire      0%         6-21      100%        3
 Dazzling Flash           Conj/Hex       0%         N/A       100%        3
 Gell's Gravitas          Tloc           0%         N/A       100%        3
 Ignite Poison            Fire/Tmut/Pois 0%         N/A       100%        3
 Inner Flame              Hex/Fire       0%         N/A       100%        3
 Lesser Beckoning         Tloc           0%         N/A       100%        3
 Mephitic Cloud           Conj/Pois/Air  0%         N/A       100%        3
 Ozocubu's Armour         Ice            0%         N/A       100%        3
 Stone Arrow              Conj/Erth      0%         3d7       100%        3
 Teleport Other           Tloc           0%         N/A       100%        3
 Cause Fear               Hex            0%         N/A       100%        4
 Dispel Undead            Necr           0%         3d6       100%        4
 Flame Wave               Conj/Fire      0%         2d4       100%        4
 Fulminant Prism          Conj/Hex       0%         3d6       100%        4
 Iskenderun's Mystic Bla  Conj/Tloc      0%         2d3       100%        4
 Borgnjor's Vile Clutch   Necr/Erth      0%         N/A       100%        5
 Freezing Cloud           Conj/Ice/Air   0%         6-21      100%        5
 Lee's Rapid Deconstruct  Erth           0%         3d5*      100%        5
 Lightning Bolt           Conj/Air       0%         1d11      100%        5
 Manifold Assault         Tloc           0%         N/A       100%        5
 Starburst                Conj/Fire      0%         6d3       100%        6
 Ozocubu's Refrigeration  Ice            0%         4d7       100%        7
 Storm Form               Tmut/Air       0%         N/A       100%        7
 Discord                  Hex            0%         N/A       100%        8
 Summon Small Mammal      Summ           Unusable   N/A       N/A         1
 Call Canine Familiar     Summ           Unusable   N/A       N/A         3
 Summon Guardian Golem    Hex/Summ       Unusable   N/A       N/A         3
 Animate Dead             Necr           Unusable   N/A       N/A         4
 Death Channel            Necr           Unusable   N/A       N/A         6

Dungeon Overview and Level Annotations

Branches:
Dungeon (15/15)            Temple (1/1) D:6            Lair (5/5) D:9
  Swamp (0/4) Lair:3       Spider (0/4) Lair:3        Slime (5/5) Lair:4
    Orc (0/2) D:11         Vaults (0/5) D:14         Depths (0/4) D:15
Ossuary (visited)

Altars:
Ashenzari
Cheibriados
Dithmenos
Elyvilon
Fedhas
Gozag
Hepliaklqana
Kikubaaqudgha
Makhleb
Nemelex Xobeh
Okawaru
Qazlal
Ru
Sif Muna
Trog
Uskayaw
Vehumet
Wu Jian
Xom
Yredelemnul
Zin
The Shining One
Jiyva

Shops:
D:3 ?   D:5 !   D:11 [*([=   D:13 :

Annotations:
Slime:5 Royal Jelly


Innate Abilities, Weirdness & Mutations

You occasionally lose the ability to read scrolls when taking damage.
You expend magic power (3 MP) to strengthen your wands.
You passively dampen the noise of your surroundings.


Message History

The great orb of eyes bites you but does no damage.
You slice the great orb of eyes!! You burn the great orb of eyes.
The great orb of eyes is severely wounded.
You slash the quicksilver ooze! You burn the quicksilver ooze.
You hit the acid blob. You burn the acid blob.
Your hands burn!
* * * LOW HITPOINT WARNING * * *
You barely miss the azure jelly.
You hit the eye of devastation but do no damage.
* * * LOW HITPOINT WARNING * * *
Your lungs strain for air!
The quicksilver ooze barely misses you.
The quicksilver ooze completely misses you.
The azure jelly barely misses you. The azure jelly closely misses you. x2
The azure jelly hits you but does no damage.
The acid blob hits you but does no damage.
The golden eye blinks at you. You resist with some effort.
The quicksilver ooze barely misses you. The quicksilver ooze misses you.
You're too confused to move!
* * * LOW HITPOINT WARNING * * *
Your lungs strain for air!
The azure jelly closely misses you. The azure jelly completely misses you.
The azure jelly hits you but does no damage.
The azure jelly closely misses you.
The great orb of eyes bites you but does no damage.
The quicksilver ooze hits you.
The quicksilver ooze hits you but does no damage.
The acid blob closely misses you. The azure jelly closely misses you.
The azure jelly completely misses you.
The azure jelly hits you but does no damage.
The azure jelly closely misses you.
You feel better.
* * * LOW HITPOINT WARNING * * *
Your lungs strain for air!
You block the quicksilver ooze's attack.
The quicksilver ooze closely misses you.
The great orb of eyes misses you. The golden eye blinks at you.
You resist with almost no effort. The acid blob hits you!
You die...

. ##. ## #.. =## ##)?
#.## $!##
##?=)##..##))[##
#}:φ|)##.#$}?)?#
#[(}[##G.##!"=/#
#?[#}#J##}#!/#
#######@G#######
...#.GJJGJ..#...
.#...#GJJ.#...#.
######..###### ..
##$!#)#.##)#$/## ...
#$))!##.G##$[??# ....
#$[[)?##.#(|})(#
....###!)(##..##(:$##
.....###)[ #.## [$##


You could see an acid blob, an azure jelly, a great orb of eyes, a slime
creature, a shining eye, 3 eyes of devastation, 3 quicksilver oozes and a golden
eye.

Vanquished Creatures
  Rupert (Lair:3)
  Jorgrun (D:12)
  5 acid blobs
  6 rockslimes
  5 azure jellies
  A stone giant (D:15)
  An ironbound preserver (D:14)
  5 quicksilver oozes
  Nessos (Lair:3)
  A dire elephant (Lair:5)
  Snorg (Lair:4)
  Fannar (Lair:3)
  Josephine (Lair:3)
  Harold (D:9)
  Erolcha (D:11)
  An ogre mage (D:15)
  9 hydras
  9 boulder beetles
  8 centaur warriors
  The ghost of ripuliukko the Thaumaturge, a journeyman DEEE of Vehumet (D:10)
  3 catoblepae
  Erica (D:8)
  7 two-headed ogres
  A deep troll shaman (Lair:5)
  4 death yaks
  6 tengu warriors
  Amaemon (D:11)
  Nergalle (D:11)
  6 hell knights (D:15)
  Sonja (Lair:3)
  A fire crab (Lair:4)
  4 skeletal warriors (D:15)
  Pikel (D:6)
  A deep elf pyromancer (D:14)
  11 ugly things
  2 shining eyes
  A manticore (D:13)
  8 cyclopes
  20 elephants
  9 black mambas
  2 vault sentinels (D:12)
  7 cane toads
  An orange demon (D:11)
  3 gargoyles
  An eye of devastation (Slime:5)
  7 komodo dragons
  2 efreet
  An unseen horror (D:13)
  Psyche (D:8)
  2 kobold demonologists
  3 yaktaurs (D:15)
  Maggie (D:8)
  3 rime drakes
  4 tengu conjurers
  4 red devils (D:14)
  2 hornets
  5 trolls
  Grinder (D:5)
  2 polar bears
  11 blink frogs
  10 dream sheep (Lair:3)
  A tarantella (shapeshifter) (D:14)
  68 slime creatures
  3 jumping spiders (Lair:3)
  2 culicivoras (Lair:3)
  A spriggan (shapeshifter) (D:14)
  7 wraiths
  3 wyverns
  3 basilisks
  38 yaks
  6 golden eyes
  16 vampire mosquitoes
  6 redbacks
  2 steam dragons (D:7)
  7 hell hounds (D:15)
  Duvessa (D:7)
  9 water moccasins
  A floating eye (Slime:4)
  3 black bears
  5 orc warriors
  2 ice beasts
  A black bear (shapeshifter) (D:13)
  3 ogres
  4 boggarts (D:11)
  12 wolves
  17 centaurs
  Blork the orc (D:6)
  6 kobold brigands
  A gnoll sergeant (D:11)
  10 bullfrogs
  2 necrophages
  5 scorpions
  A two-headed ogre simulacrum (D:11)
  3 wights (D:10)
  Dowan (D:7)
  3 killer bees (D:7)
  3 electric eels (D:11)
  A howler monkey (D:11)
  A crimson imp (D:4)
  3 hounds
  5 jellies
  7 orc priests
  Crazy Yiuf (D:4)
  Ijyb (D:3)
  2 gnoll boudas
  15 orc wizards
  5 iguanas
  14 hell rats (Lair:4)
  A troll simulacrum (D:11)
  A spriggan simulacrum (D:11)
  8 mummies (Ossuary)
  Robin (D:2)
  11 gnolls
  9 adders
  3 naga simulacra (D:11)
  3 white imps
  An ufetubus (D:5)
  2 worms
  2 dart slugs
  41 orcs
  3 bats
  3 endoplasms
  3 giant cockroaches
  9 goblins
  9 hobgoblins
  4 jackals (D:5)
  28 kobolds
  2 quokkas (D:3)
  6 ball pythons
  4 frilled lizards
  5 hobgoblin zombies (Ossuary)
  A kobold zombie (Ossuary)
  2 orc zombies (Ossuary)
  A rat (D:2)
697 creatures vanquished.

Vanquished Creatures (others)
  A deep elf pyromancer (D:12)
  A gargoyle (D:14)
  A hobgoblin (D:3)
  A bush (Lair:5)
  25 fungi
  25 plants
54 creatures vanquished.

Grand Total: 751 creatures vanquished

Notes
Turn   | Place    | Note
-------+----------+-------------------------------------------
     0 | D:1      | kevinolsonyan the Hill Orc Fighter began the quest for the
                  | Orb.
     0 | D:1      | Reached XP level 1. HP: 19/19 MP: 1/1
    73 | D:1      | Reached XP level 2. HP: 18/27 MP: 2/2
   953 | D:2      | Reached skill level 3 in Axes
   953 | D:2      | Reached XP level 3. HP: 28/33 MP: 3/3
  1142 | D:2      | Noticed Robin
  1163 | D:2      | Killed Robin
  1164 | D:2      | Reached skill level 1 in Dodging
  1433 | D:2      | Reached XP level 4. HP: 40/40 MP: 4/4
  1771 | D:2      | Found a faded altar of an unknown god.
  1803 | D:2      | Gained mutation: Your spells are a little harder to cast,
                  | but a little more powerful. [potion of mutation]
  2187 | D:3      | Noticed Ijyb
  2200 | D:3      | Killed Ijyb
  2201 | D:3      | Reached skill level 4 in Axes
  2479 | D:3      | Found Puahogh's Magic Scroll Shop.
  2484 | D:3      | Bought a scroll of identify for 28 gold pieces
  2484 | D:3      | Bought a scroll of identify for 28 gold pieces
  2484 | D:3      | Bought a scroll of identify for 28 gold pieces
  2484 | D:3      | Bought a scroll of identify for 28 gold pieces
  2505 | D:3      | Reached XP level 5. HP: 42/46 MP: 5/5
  3082 | D:4      | Reached XP level 6. HP: 52/52 MP: 6/6
  3113 | D:4      | Reached skill level 5 in Axes
  3365 | D:4      | Lost mutation: Your spells are a little harder to cast, but
                  | a little more powerful. [potion of mutation]
  3365 | D:4      | Gained mutation: You are frail. (-10% HP) [potion of
                  | mutation]
  3481 | D:4      | Reached skill level 5 in Shields
  3615 | D:4      | Found a hazy altar of Hepliaklqana.
  3622 | D:4      | Identified the +11 hand axe of the Boiling Point {holy,
                  | Int+3}
  3630 | D:4      | Reached XP level 7. HP: 54/54 MP: 7/7
  3671 | D:4      | Found a runed translucent door.
  3672 | D:4      | Noticed Crazy Yiuf
  3680 | D:4      | Killed Crazy Yiuf
  3859 | D:4      | Lost mutation: You are frail. (-10% HP) [potion of
                  | mutation]
  3859 | D:4      | Gained mutation: You are somewhat resistant to further
                  | mutation. [potion of mutation]
  4040 | D:4      | Reached skill level 6 in Axes
  4163 | D:5      | Entered Level 5 of the Dungeon
  4274 | D:5      | Noticed Grinder
  4275 | D:5      | Paralysed by Grinder for 4 turns
  4282 | D:5      | Killed Grinder
  4283 | D:5      | Reached skill level 7 in Axes
  4283 | D:5      | Reached XP level 8. HP: 42/67 MP: 8/8
  4492 | D:5      | Found a sand-covered staircase.
  4497 | Ossuary  | Entered an ossuary
  4523 | Ossuary  | Reached skill level 5 in Fighting
  4805 | D:5      | Reached skill level 8 in Axes
  5016 | D:5      | Found Syxi's Distillery.
  5316 | D:6      | Found a shadowy altar of Dithmenos.
  5316 | D:6      | Found a white marble altar of Elyvilon.
  5329 | D:6      | Reached skill level 9 in Axes
  5339 | D:6      | Reached XP level 9. HP: 62/74 MP: 9/9
  5494 | D:6      | Lost mutation: You are somewhat resistant to further
                  | mutation. [potion of mutation]
  5494 | D:6      | Gained mutation: You sometimes lose your temper in combat.
                  | [potion of mutation]
  5494 | D:6      | Gained mutation: Your system is resistant to poisons.
                  | (rPois) [potion of mutation]
  5561 | D:6      | Noticed Blork the orc
  5569 | D:6      | Killed Blork the orc
  5746 | D:6      | Found a staircase to the Ecumenical Temple.
  5785 | D:6      | Noticed Pikel
  5798 | D:6      | Killed Pikel
  5799 | D:6      | Reached skill level 10 in Axes
  5907 | D:6      | Reached skill level 5 in Dodging
  6959 | D:7      | Noticed Duvessa
  6959 | D:7      | Noticed Dowan
  6972 | D:7      | Killed Duvessa
  6972 | D:7      | Killed Dowan
  6973 | D:7      | Reached skill level 11 in Axes
  7040 | Temple   | Entered the Ecumenical Temple
  7040 | Temple   | Found a transporter.
  7040 | Temple   | Found a transporter.
  7043 | Temple   | Reached XP level 10. HP: 83/83 MP: 10/10
  7044 | Temple   | Found a transporter.
  7044 | Temple   | Found a transporter.
  7076 | Temple   | Became a worshipper of Warmaster Okawaru
  7329 | D:7      | Lost mutation: You sometimes lose your temper in combat.
                  | [potion of mutation]
  7329 | D:7      | Lost mutation: Your system is resistant to poisons. (rPois)
                  | [potion of mutation]
  7329 | D:7      | Gained mutation: You passively dampen the noise of your
                  | surroundings. [potion of mutation]
  7329 | D:7      | Gained mutation: You are robust. (+10% HP) [potion of
                  | mutation]
  7329 | D:7      | Gained mutation: You expend magic power (3 MP) to
                  | strengthen your wands. [potion of mutation]
  7506 | D:7      | Reached skill level 5 in Armour
  7685 | D:8      | Noticed Erica
  7718 | D:8      | Killed Erica
  7718 | D:8      | Reached * piety under Okawaru
  7907 | D:8      | Got the Textbook on Overcast Exhumation
  7910 | D:8      | Noticed Maggie
  7925 | D:8      | Killed Maggie
  7925 | D:8      | Reached ** piety under Okawaru
  8005 | D:8      | Noticed Psyche
  8021 | D:8      | Killed Psyche
  8500 | D:9      | Reached skill level 12 in Axes
  8524 | D:9      | Found a staircase to the Lair.
  8537 | D:9      | Noticed Harold
  8566 | D:9      | Killed Harold
  8581 | D:9      | Reached XP level 11. HP: 32/101 MP: 11/11
  9312 | D:9      | Reached skill level 1 in Evocations
  9534 | D:10     | Entered Level 10 of the Dungeon
  9541 | D:10     | Reached *** piety under Okawaru
  9548 | D:10     | Noticed a cyclops
  9560 | D:10     | Killed a cyclops
  9562 | D:10     | Noticed a sixfirhy
  9574 | D:10     | Reached skill level 10 in Shields
  9944 | D:10     | Found a runed translucent gate.
  9945 | D:10     | Found a runed translucent gate.
  9946 | D:10     | Found a runed translucent gate.
  9989 | D:10     | Noticed ripuliukko's ghost (journeyman DEEE)
  9994 | D:10     | Killed ripuliukko's ghost
  9994 | D:10     | Reached **** piety under Okawaru
  9995 | D:10     | Reached skill level 13 in Axes
 10282 | D:11     | Found a stormy altar of Qazlal.
 10286 | D:11     | Noticed a cyclops
 10300 | D:11     | Killed a cyclops
 10328 | D:11     | Noticed a centaur warrior
 10333 | D:11     | Found Wuempen's Armour Emporium.
 10333 | D:11     | Noticed a cyan ugly thing
 10342 | D:11     | Killed a centaur warrior
 10342 | D:11     | Reached ***** piety under Okawaru
 10351 | D:11     | Killed a cyan ugly thing
 10475 | D:11     | Noticed Amaemon
 10478 | D:11     | Noticed Erolcha
 10485 | D:11     | Killed Amaemon
 10491 | D:11     | Reached XP level 12. HP: 84/111 MP: 12/12
 10500 | D:11     | Killed Erolcha
 10783 | D:11     | Received a gift from Okawaru
 10945 | D:11     | Noticed Nergalle
 10973 | D:11     | Killed Nergalle
 10974 | D:11     | Reached skill level 14 in Axes
 11024 | D:11     | Found a staircase to the Orcish Mines.
 11267 | D:11     | Found Jugguoc's Armour Shoppe.
 11510 | D:11     | Noticed a seven-headed hydra
 11526 | D:11     | Killed a one-headed hydra
 11744 | D:11     | Found Locul's Assorted Antiques.
 11744 | D:11     | Found Inoaxte's Antique Weapon Boutique.
 11748 | D:11     | Bought a pitted copper ring for 115 gold pieces
 11748 | D:11     | Identified the ring "Xeribbir" {EV+4 Str+4} (You bought it
                  | in a shop on level 11 of the Dungeon)
 12063 | D:11     | Found Lobiynwe's Jewellery Emporium.
 12213 | D:12     | Noticed a tengu warrior
 12224 | D:12     | Killed a tengu warrior
 12300 | D:12     | Reached skill level 1 in Long Blades
 12467 | D:12     | Identified the +7 short sword of Defenestration {flame,
                  | Int+4}
 12479 | D:12     | Found the +18 shield of the Gong {rElec rN+ Will+ EV-5}
 12619 | D:12     | Noticed a boulder beetle
 12621 | D:12     | Noticed a two-headed ogre
 12962 | D:11     | Killed a boulder beetle
 13092 | D:11     | Killed a two-headed ogre
 13181 | D:12     | Noticed Jorgrun
 13530 | D:13     | Noticed a centaur warrior
 13545 | D:13     | Killed a centaur warrior
 13545 | D:13     | Received a gift from Okawaru
 13546 | D:13     | Reached XP level 13. HP: 84/122 MP: 13/13
 13711 | D:12     | Killed Jorgrun
 14353 | D:13     | Reached skill level 15 in Axes
 14383 | D:13     | Reached skill level 10 in Fighting
 14679 | D:13     | Found Peath's Book Emporium.
 15139 | D:14     | Reached skill level 10 in Dodging
 15633 | D:14     | Reached skill level 1 in Invocations
 15806 | D:14     | Reached ****** piety under Okawaru
 15834 | D:14     | Identified the +2 kite shield of Halof {+Inv} (Okawaru
                  | gifted it to you on level 14 of the Dungeon)
 15834 | D:14     | Received a gift from Okawaru
 16378 | D:14     | Reached XP level 14. HP: 105/134 MP: 15/15
 16724 | D:14     | Found a gate to the Vaults.
 16724 | D:14     | Noticed an ironbound preserver
 16745 | D:14     | Killed an ironbound preserver
 16930 | D:15     | Entered Level 15 of the Dungeon
 17532 | D:15     | Identified the +7 lajatang of Doom {vorpal, *Noise rF++
                  | rN+++ MP+9} (Okawaru gifted it to you on level 15 of the
                  | Dungeon)
 17532 | D:15     | Received a gift from Okawaru
 17997 | D:15     | Found a glowing golden altar of the Shining One.
 18007 | D:15     | Reached skill level 1 in Stealth
 18070 | D:15     | Reached skill level 15 in Shields
 18231 | D:15     | Identified the +14 crystal plate armour of Suajekk {Contam
                  | Rampage rF+ Stlth+} (Okawaru gifted it to you on level 15
                  | of the Dungeon)
 18231 | D:15     | Received a gift from Okawaru
 18350 | D:15     | Reached skill level 16 in Axes
 18350 | D:15     | Reached skill level 10 in Armour
 18536 | D:15     | Found a staircase to the Depths.
 18536 | D:15     | Noticed a stone giant
 18554 | D:15     | Killed a stone giant
 19352 | Lair:1   | Entered Level 1 of the Lair of Beasts
 19366 | Lair:1   | Reached XP level 15. HP: 145/145 MP: 16/16
 19585 | Lair:1   | Found a hazy altar of Hepliaklqana.
 20649 | Lair:3   | Found a hole to the Spider Nest.
 20678 | Lair:3   | Noticed Nessos
 20706 | Lair:3   | Killed Nessos
 20789 | Lair:3   | Noticed Sonja
 20799 | Lair:3   | Killed Sonja
 20866 | Lair:3   | Noticed Fannar
 20885 | Lair:3   | Killed Fannar
 20956 | Lair:3   | Identified the +5 broad axe "Ubuuluh" {flame, Str+2}
                  | (Okawaru gifted it to you on level 3 of the Lair of Beasts)
 20956 | Lair:3   | Received a gift from Okawaru
 20997 | Lair:3   | Found a staircase to the Swamp.
 21249 | Lair:3   | Noticed Josephine
 21263 | Lair:3   | Killed Josephine
 21364 | Lair:3   | Noticed Rupert
 21379 | Lair:3   | Killed Rupert
 21552 | Lair:3   | Reached skill level 17 in Axes
 21800 | Lair:3   | Identified the +13 crystal plate armour "Yqosa" {Dex+4}
                  | (Okawaru gifted it to you on level 3 of the Lair of Beasts)
 21800 | Lair:3   | Received a gift from Okawaru
 22087 | Lair:4   | Noticed Snorg
 22093 | Lair:4   | Killed Snorg
 22538 | Lair:4   | Found a staircase to the Slime Pits.
 22540 | Lair:4   | Found a viscous altar of Jiyva.
 22774 | Lair:4   | Reached XP level 16. HP: 139/155 MP: 17/17
 23429 | Lair:5   | Entered Level 5 of the Lair of Beasts
 23498 | Lair:5   | Reached skill level 18 in Axes
 23636 | Lair:5   | Identified the +1 helmet of the Hart {Slay+2} (Okawaru
                  | gifted it to you on level 5 of the Lair of Beasts)
 23636 | Lair:5   | Received a gift from Okawaru
 24345 | Slime:1  | Entered Level 1 of the Pits of Slime
 24357 | Slime:1  | Noticed an azure jelly
 24370 | Slime:1  | Killed an azure jelly
 24646 | Slime:1  | Lost mutation: You are robust. (+10% HP) [a shining eye]
 24653 | Slime:1  | Gained mutation: You occasionally lose the ability to read
                  | scrolls when taking damage. [a shining eye]
 24676 | Slime:2  | Noticed an azure jelly
 24687 | Slime:2  | Killed an azure jelly
 25040 | Slime:2  | Noticed an acid blob
 25042 | Slime:2  | Noticed a rockslime
 25048 | Slime:2  | Killed an acid blob
 25351 | Slime:2  | Killed a rockslime
 25602 | Slime:2  | Received a gift from Okawaru
 26335 | Slime:3  | Noticed an acid blob
 26354 | Slime:3  | Killed an acid blob
 26654 | Slime:3  | Noticed an acid blob
 26671 | Slime:3  | Killed an acid blob
 26975 | Slime:4  | Noticed a rockslime
 26988 | Slime:3  | Killed a rockslime
 27285 | Slime:5  | Entered Level 5 of the Pits of Slime
 27288 | Slime:5  | Noticed a rockslime
 27300 | Slime:5  | Killed a rockslime
 27381 | Slime:5  | Noticed an acid blob
 27394 | Slime:5  | Killed an acid blob
 27395 | Slime:5  | Reached XP level 17. HP: 81/152 MP: 15/18
 27603 | Slime:5  | Found a viscous altar of Jiyva.
 27604 | Slime:5  | Noticed the Royal Jelly
 27619 | Slime:5  | Noticed an acid blob
 27653 | Slime:5  | Killed an acid blob
 27661 | Slime:5  | Reached skill level 19 in Axes
 27691 | Slime:5  | HP: 6/154 [great orb of eyes (8)]
 27692 | Slime:5  | Noticed an acid blob
 27702 | Slime:5  | HP: 2/154 [drowned by a quicksilver ooze[the Royal Jelly]
                  | (6)]
 27703 | Slime:5  | Mangled by an acid blob

Illustrated notes

Levels and vault maps discovered:
D:1:      shiori_shiawase, layout_basic, dreamdust_wishing_well, hex_medium,
          chequers_big_river, hangedman_abyss_or_decor_lesser_grid,
          minmay_misc_feat_x, minmay_cupped
D:2:      layout_basic, hellmonk_ecumenical_altar_leap_of_faith,
          interstate_on_off, serial_bayou_pond_c, kennysheep_potato, uniq_robin
D:3:      layout_loops_cross, serial_shops, nicolae_shop_trees, uniq_ijyb
D:4:      layout_gridville, mainiacjoe_overflow_cross_hatched,
          minmay_misc_feat_diagonals, minmay_fire_ice_demons,
          uniq_crazy_yiuf_cottage
D:5:      layout_basic, nicolae_ossuary_entry_plus, serial_shops,
          nicolae_stop_n_shop_2, uniq_grinder
D:6:      layout_basic, chequers_temple_overflow_statue_of_worship,
          minmay_temple_entry_from_below_b, st_stairs_10, uniq_pikel,
          uniq_blork_the_orc
D:7:      layout_loops_ring, uniq_duvessa
D:8:      layout_cave_pools, uniq_maggie, uniq_psyche, uniq_erica
D:9:      layout_basic, lair_entry_dummy, minmay_misc_feat_rugged,
          dreamdust_mushroom_princess, uniq_harold
D:10:     layout_rooms, ebering_ghost_rock_garden
D:11:     layout_basic, erik_orc_2, portal_ice_cave_entry_ice_simulacra,
          serial_shops, shop_fountains, nicolae_shop_crystal,
          nicolae_shop_waterfront, shop, shop, hangedman_decor_lopped,
          nicolae_qazlal_scattered_showers, uniq_erolcha, uniq_nergalle,
          uniq_amaemon
D:12:     layout_rooms, hellmonk_guarded_unrand_gong, uniq_jorgrun
D:13:     layout_rooms, serial_shops, nicolae_shop_crystal
D:14:     layout_basic, skrybe_vaults_entry_preservation,
          einodemon_armed_red_devil_minivault
D:15:     grunt_enter_depths_snipers, layout_loops_ring,
          nicolae_tso_swordbearing_angel, minmay_rotating_lava
Temple:   hellmonk_temple_divided_pantheon
Lair:1:   layout_cave_shapes, basic_altar, grunt_megastairs_5
Lair:2:   layout_regular_city, infiniplex_staircase_pool_2
Lair:3:   layout_gridlike, swamp_mist_pool, nicolae_spider_entry_tight_spaces,
          gauntlet_entry_generic, uniq_sonja, uniq_fannar, uniq_josephine,
          uniq_rupert, uniq_nessos
Lair:4:   nzn_winding_woodlands_medium [nzn_winding_woodlands_5x5_checkerboard,
          nzn_winding_woodlands_5x15_sawtooth, nzn_winding_woodlands_hourglass,
          nzn_winding_woodlands_5x5_closed_star,
          nzn_winding_woodlands_center_diamonds,
          nzn_winding_woodlands_5x5_default,
          nzn_winding_woodlands_5x5_open_star,
          nzn_winding_woodlands_5x15_default, nzn_winding_woodlands_5x5_three],
          layout_cave_pods, minmay_slime_entry_pillars,
          hangedman_lair_generics_rect, uniq_snorg
Lair:5:   grunt_lair_end_beastmaster, layout_misc_corridors,
          minmay_lindwurm_lava, lemuel_fruit_tree
Slime:1:  layout_caves
Slime:2:  cheibrodos_slime_lost_civilization_3, layout_caves
Slime:3:  layout_caves
Slime:4:  layout_caves
Slime:5

Skill      XL: |  1  2  3  4  5  6  7  8  9 10 11 12 13 14 15 16 17 |
---------------+----------------------------------------------------+-----
Fighting       | 4 5 6 7 8 9 10 11 12 14 | 14.4
Axes           | 3 4 5 7 9 11 12 13 14 15 16 17 18 19 | 19.0
Dodging        | 1 2 3 4 5 7 8 9 10 | 10.7
Shields        | 4 5 6 8 9 11 12 13 15 17 18 | 18.0
Armour         | 4 5 7 8 10 11 13 | 13.5
Evocations     | 1 |  1.1
Long Blades    | 1 2 |  2.2
Invocations    | 1 |  1.7
Stealth        | 1 2 |  2.7

Action                   |  1- 3 |  4- 6 |  7- 9 | 10-12 | 13-15 | 16-18 || total
-------------------------+-------+-------+-------+-------+-------+-------++-------
Melee: War axe           |    70 |   132 |       |       |       |       ||   202
       Hand axe          |       |     3 |   229 |   512 |  1054 |       ||  1798
       Scimitar          |       |       |       |    10 |     8 |       ||    18
       Broad axe         |       |       |       |       |   165 |   458 ||   623
Invok: Heroism           |       |       |       |     6 |    11 |     9 ||    26
Evoke: Wand              |       |     1 |       |     2 |       |     2 ||     5
  Use: Scroll            |     1 |    13 |     7 |    10 |     2 |     2 ||    35
       Potion            |     1 |     2 |     2 |    13 |     6 |     8 ||    32
 Stab: Sleeping          |       |       |       |       |     1 |       ||     1
       Petrified         |       |       |       |       |     6 |     9 ||    15
Armor: Scale mail        |    16 |    10 |       |       |       |       ||    26
       Leather armour    |       |    13 |    41 |    89 |    48 |       ||   191
       Skin              |       |       |       |     1 |     2 |       ||     3
       Crystal plate arm |       |       |       |       |   193 |   205 ||   398
Dodge: Dodged            |    42 |    71 |    79 |   273 |   447 |   200 ||  1112
Block: Buckler           |    23 |     1 |       |       |       |       ||    24
       Kite shield       |       |   136 |   146 |   362 |   934 |   441 ||  2019
       Reflection        |       |       |     7 |    33 |    34 |     1 ||    75
